 Dungeon Crawl Stone Soup version 0.27.1-33-g824d729ab1 (webtiles) character file.

Game seed: 15545741103713210460

242 dianekeaton the Cudgeller (level 5, -1/45 HPs)
             Began as a Minotaur Berserker on Dec 9, 2021.
             Was a Believer of Trog.
             Slain by a gnoll (4 damage)
             ... on level 4 of the Dungeon.
             The game lasted 00:03:48 (2152 turns).

dianekeaton the Cudgeller (Minotaur Berserker)      Turns: 2152, Time: 00:03:48

Health: -1/45      AC:  5    Str: 23    XL:     5   Next: 82%
Magic:  4/4        EV: 12    Int:  4    God:    Trog [**....]
Gold:   51         SH:  0    Dex:  9    Spells: 4/4 levels left

rFire    . . .     SeeInvis .   a - +0 mace
rCold    . . .     Faith    .   (no shield)
rNeg     . . .     Spirit   .   b - +0 animal skin
rPois    .         Reflect  .   (helmet restricted)
rElec    .         Harm     .   (no cloak)
rCorr    .         Rampage  .   (no gloves)
Will     ++...                  c - +2 pair of boots
Stlth    +.........             (no amulet)
HPRegen  1.15/turn              (no ring)
MPRegen  0.09/turn              (no ring)

@: lethally poisoned (-1 -> -10), about to teleport, strong-willed, regenerating
A: horns 2, retaliatory headbutt
a: Renounce Religion, Berserk, Trog's Hand


You were on level 4 of the Dungeon.
You worshipped Trog.
Trog was pleased with you.
You visited 1 branch of the dungeon, and saw 4 of its levels.

You collected 51 gold pieces.

Inventory:

Hand Weapons
 a - a +0 mace (weapon)
Armour
 b - a +0 animal skin (worn)
 c - a +2 pair of boots (worn)
Jewellery
 j - a ring of ice
Wands
 h - a wand of mindburst (21)
Scrolls
 k - a scroll of vulnerability {unknown}
 l - a scroll of fog {unknown}
 n - a scroll of brand weapon {unknown}
Potions
 d - 3 potions of brilliance
 f - a potion of cancellation {unknown}
 i - a potion of degeneration {unknown}
 m - a potion of flight {unknown}


   Skills:
 - Level 3.6 Fighting
 + Level 7.9 Maces & Flails
 - Level 2.4 Armour
 - Level 2.1 Dodging
 + Level 0.4 Stealth


You had 4 spell levels left.
You didn't know any spells.
Your spell library was empty.

Dungeon Overview and Level Annotations

Branches:
Dungeon (4/15)
 Temple: D:4-7

Altars:
Zin

Shops:
D:3 *


Innate Abilities, Weirdness & Mutations

You have a pair of horns on your head.
You reflexively headbutt those who attack you in melee.


Message History

The hobgoblin barely misses you.
The gnoll hits you from afar with a +0 halberd.
The gnoll barely misses you. The gnoll closely misses you.
You sock the gnoll!
The gnoll is almost dead.
The hobgoblin barely misses you. You furiously retaliate!
You headbutt the hobgoblin, but do no damage.
The gnoll closely misses you.
The gnoll hits you from afar with a +0 spear of venom.
You are poisoned.
Your skin crawls.
You feel strong-willed.
You feel sick.
The hobgoblin hits you but does no damage.
The gnoll barely misses you. The gnoll hits you with a +0 spear.
The gnoll hits you from afar with a +0 spear of venom!
You are more poisoned.
You barely miss the gnoll.
The gnoll is almost dead.
You feel very sick. The gnoll barely misses you. You furiously retaliate!
You headbutt the gnoll! The hobgoblin closely misses you.
The gnoll hits you from afar with a +0 halberd!
The gnoll hits you but does no damage. x2
You are lethally poisoned!
You feel better. The gnoll barely misses you. The hobgoblin closely misses you.
The gnoll misses you. The gnoll hits you with a +0 spear!
The gnoll hits you but does no damage.
You are poisoned.
As you read the scroll of teleportation, it crumbles to dust.
You feel strangely unstable.
You feel sick. The gnoll barely misses you.
The hobgoblin completely misses you. The gnoll closely misses you.
The gnoll misses you.
The gnoll hits you from afar with a +0 spear of venom!
* * * LOW HITPOINT WARNING * * *
You are lethally poisoned!
* * * LOW HITPOINT WARNING * * *
You feel very sick. The gnoll hits you with a +0 spear.
You die...

..#.....รทรท..#...###.#
......
..#<................#
###.#.
..##........#.......#
.#
....................#
.###................#
..#.......#.........#
.....#######...#.##.#
#.#### #..[#.# #.#
#####@# #.# #...gg# #.#
#..ggg# #.# #.....# #.#
#.....# ..# .......#
### ........# ........#
....###.#


You could see 4 gnolls and a hobgoblin.

Vanquished Creatures
  Sigmund (D:2)
  An iguana (D:4)
  Robin (D:3)
  2 adders
  A worm (D:2)
  4 endoplasms
  A giant cockroach (D:2)
  7 goblins (D:3)
  5 hobgoblins
  2 jackals (D:4)
  3 quokkas
  4 ball pythons (D:2)
  3 bats
  A kobold (D:3)
  4 rats (D:2)
40 creatures vanquished.

Vanquished Creatures (others)
  A quokka (D:2)
1 creature vanquished.

Grand Total: 41 creatures vanquished

Notes
Turn   | Place    | Note
-------+----------+-------------------------------------------
     0 | D:1      | dianekeaton the Minotaur Berserker began the quest for the
                  | Orb.
     0 | D:1      | Reached XP level 1. HP: 19/19 MP: 0/0
   139 | D:1      | You fall into a shaft and drop 1 floor!
   148 | D:2      | Reached skill level 4 in Maces & Flails
   154 | D:2      | Noticed Sigmund
   207 | D:2      | Killed Sigmund
   208 | D:2      | Reached skill level 7 in Maces & Flails
   208 | D:2      | Reached XP level 2. HP: 3/26 MP: 1/1
   208 | D:2      | Reached XP level 3. HP: 3/31 MP: 2/2
   208 | D:2      | Reached XP level 4. HP: 4/39 MP: 3/3
   208 | D:2      | Reached XP level 5. HP: 5/45 MP: 4/4
   828 | D:2      | Found a faded altar of an unknown god.
   991 | D:3      | Reached ** piety under Trog
  1297 | D:3      | Identified the +1 helmet of the Shining One's Hope {rC+
                  | Slay+2}
  1297 | D:3      | Noticed Robin
  1310 | D:3      | Killed Robin
  1595 | D:3      | Found a glowing silver altar of Zin.
  1596 | D:3      | Found Zin's Purification Station.
  2152 | D:4      | Slain by a gnoll

Illustrated notes

Levels and vault maps discovered:
D:1:      dpeg_arrival_renting, layout_basic, minmay_surrounded
D:2:      layout_rooms, hellmonk_ecumenical_altar_inner_sanctum, uniq_sigmund
D:3:      layout_basic, zin_purify, uniq_robin
D:4:      layout_basic, overflow_temple_1_default, minivault_1

Skill      XL: |  1 |
---------------+----+-----
Maces & Flails | 7 |  7.9
Fighting       | |  3.6
Armour         | |  2.4
Dodging        | |  2.1
Stealth        | |  0.4

Action                   |  1- 3 |  4- 6 || total
-------------------------+-------+-------++-------
Melee: Mace              |    18 |    67 ||    85
       Headbutt          |     1 |     9 ||    10
Invok: Berserk           |     1 |       ||     1
       Trog's Hand       |       |     1 ||     1
  Use: Potion            |     1 |     1 ||     2
       Scroll            |       |     4 ||     4
 Stab: Sleeping          |       |     1 ||     1
Armor: Animal skin       |     4 |    37 ||    41
Dodge: Dodged            |    11 |    65 ||    76
